 Dungeon Crawl Stone Soup version 0.23-a0-143-g1adec7b (webtiles) character file.

91 Gorice the Slasher (level 4, 0/54 HPs)
             Began as a Demonspawn Wanderer on Sept 1, 2018.
             Slain by a gnoll
             ... wielding a +0 spear
              (1 damage)
             ... on level 2 of the Dungeon.
             The game lasted 00:06:15 (1595 turns).

Gorice the Slasher (Demonspawn Wanderer)            Turns: 1595, Time: 00:06:16

Health: 0/54       AC: 22    Str: 11    XL:     4   Next: 34%
Magic:  5/5        EV:  2    Int: 15    God:
Gold:   42         SH:  0    Dex: 13    Spells: 4/5 levels left

rFire    . . .     SeeInvis .   a - +1 falchion
rCold    . . .     Gourm    .   (no shield)
rNeg     + + +     Faith    .   (armour currently unavailable)
rPois    +         Spirit   .   (helmet currently unavailable)
rElec    .         Reflect  .   (cloak currently unavailable)
rCorr    .         Harm     .   (gloves currently unavailable)
MR       .....     NoTele   +   (boots currently unavailable)
Stlth    ++........             (no amulet)
HPRegen  0.18/turn              (no ring)
MPRegen  0.09/turn              (no ring)

@: lethally poisoned (0 -> -1), tree-form, very slightly contaminated, invisible
A: rugged brown scales 1, mutation resistance 1
a: no special abilities


You were on level 2 of the Dungeon.
You were hungry.
You were a tree.
You visited 1 branch of the dungeon, and saw 2 of its levels.

You collected 42 gold pieces.

Inventory:

Hand Weapons
 a - a +1 falchion (weapon)
 g - a +1 dagger of protection
   (You found it on level 1 of the Dungeon)
Missiles
 Y - 38 stones (quivered)
 Z - a throwing net {!f}
Armour
 d - a +1 robe
 e - a +0 scale mail (melded)
Scrolls
 c - a scroll of teleportation {!r}
 h - 2 scrolls of remove curse
 l - a scroll of blinking {unknown}
Potions
 i - a potion of lignification {!q}
Comestibles
 b - 6 chunks of flesh
 f - 3 rations


   Skills:
 - Level 3.0 Fighting
 * Level 3.3 Long Blades
 + Level 1.0 Armour
 - Level 1.0 Stealth
   Level 1.0 Shields
 - Level 1.0 Spellcasting
   Level 1.0 Translocations
 - Level 1.6 Ice Magic
   Level 1.0 Evocations


You had 4 spell levels left.
You knew the following spells:

 Your Spells              Type           Power        Failure   Level  Hunger
a - Freeze                Ice            #...         12%         1    ##.....

Your spell library contained the following spells:

 Spells                   Type           Power        Failure   Level  Hunger
 Throw Frost              Conj/Ice       #.....       26%         2    ###....
 Ozocubu's Armour         Chrm/Ice       #.......     45%         3    ####...
 Summon Ice Beast         Ice/Summ       #.......     86%         4    #####..
 Throw Icicle             Conj/Ice       #.......     86%         4    #####..


Dungeon Overview and Level Annotations

Branches:
Dungeon (2/15)

Altars:


Innate Abilities, Weirdness & Mutations

((You have a pair of antennae on your head.))
(You are partially covered in rugged brown scales. (AC +1, +3% HP))
You are somewhat resistant to further mutation.


Message History

Press: ? - help, Shift-Dir - straight line, f/p - gnoll
Aim: a gnoll, wielding a spear You throw a stone.
The stone barely misses the gnoll.
The gnoll hits you but does no damage.
Throwing (i - inventory. (/) - cycle)
Y - 45 stones (quivered)
Press: ? - help, Shift-Dir - straight line, f/p - gnoll
Aim: a gnoll, wielding a spear You throw a stone.
The stone hits the gnoll but does no damage.
* * * LOW HITPOINT WARNING * * *
You feel sick.
Damage: 1 (max 13) Throwing (i - inventory. (/) - cycle)
Y - 44 stones (quivered)
Press: ? - help, Shift-Dir - straight line, f/p - gnoll
Aim: a gnoll, wielding a spear You throw a stone.
The stone hits the gnoll but does no damage.
Throwing (i - inventory. (/) - cycle)
Y - 43 stones (quivered)
Press: ? - help, Shift-Dir - straight line, f/p - gnoll
Aim: a gnoll, wielding a spear You throw a stone.
The stone hits the gnoll but does no damage.
* * * LOW HITPOINT WARNING * * *
You feel sick.
Unknown command.
Throwing (i - inventory. (/) - cycle)
Y - 42 stones (quivered)
Press: ? - help, Shift-Dir - straight line, f/p - gnoll
Aim: a gnoll, wielding a spear You throw a stone.
The stone hits the gnoll.
The gnoll is lightly wounded.
Throwing (i - inventory. (/) - cycle)
Y - 41 stones (quivered)
Press: ? - help, Shift-Dir - straight line, f/p - gnoll
Aim: a gnoll, wielding a spear (lightly wounded)
You throw a stone.
The stone hits the gnoll but does no damage.
The gnoll is lightly wounded.
You are feeling hungry.
Throwing (i - inventory. (/) - cycle)
Y - 40 stones (quivered)
Press: ? - help, Shift-Dir - straight line, f/p - gnoll
Aim: a gnoll, wielding a spear (lightly wounded)
You throw a stone. The stone closely misses the gnoll.
* * * LOW HITPOINT WARNING * * *
You feel sick. The gnoll hits you but does no damage.
Damage: 1 (max 13) Throwing (i - inventory. (/) - cycle)
Y - 39 stones (quivered)
Press: ? - help, Shift-Dir - straight line, f/p - gnoll
Aim: a gnoll, wielding a spear (lightly wounded)
You throw a stone. The stone closely misses the gnoll.
The gnoll hits you from afar with a spear.
You die...

##.# ##...######.#.###
##.# #...# #.#..# ##.#
#g..# #..#.#
.#.#######...# ##.#.#
.#...........# #....
.............# ##.#.#
#.........#### .#.#
#.........###########....
##>..........(g.♣†......
###.......############.§
# #.......# # #.......# #
######### # #


You could see a gnoll.

Vanquished Creatures
  A gnoll (D:2)
  3 adders (D:2)
  An ooze (D:1)
  3 dart slugs (D:1)
  2 bats
  3 giant cockroaches
  6 goblins
  7 hobgoblins
  6 kobolds
  5 frilled lizards
  8 rats
45 creatures vanquished.

Vanquished Creatures (others)
  A rat (D:2)
1 creature vanquished.

Grand Total: 46 creatures vanquished

Notes
Turn   | Place    | Note
-------+----------+-------------------------------------------
     0 | D:1      | Gorice the Demonspawn Wanderer began the quest for the Orb.
     0 | D:1      | Gorice set off with: a +0 falchion, a scroll of
                  | teleportation {!r}, a +0 robe, a ration
     0 | D:1      | Reached XP level 1. HP: 18/18 MP: 2/2
     2 | D:1      | Learned a level 1 spell: Freeze
   129 | D:1      | Gained mutation: You have a pair of small antennae on your
                  | head. [demonic ancestry]
   129 | D:1      | Reached XP level 2. HP: 16/24 MP: 3/3
   468 | D:1      | Reached skill level 2 in Long Blades
   767 | D:1      | Gained mutation: You are partially covered in rugged brown
                  | scales. (AC +1, +3% HP) [demonic ancestry]
   767 | D:1      | Reached XP level 3. HP: 22/29 MP: 4/4
  1214 | D:2      | Reached skill level 3 in Long Blades
  1387 | D:2      | Gained mutation: You have a pair of antennae on your head.
                  | [demonic ancestry]
  1387 | D:2      | Reached XP level 4. HP: 36/36 MP: 5/5
  1577 | D:2      | HP: 10/36 [adder (4)]
  1582 | D:2      | HP: 8/54 [poisoned by an adder]
  1583 | D:2      | Gained mutation: You are somewhat resistant to further
                  | mutation. [potion of mutation]
  1586 | D:2      | Reached skill level 1 in Armour
  1587 | D:2      | HP: 4/54 [poisoned by an adder]
  1594 | D:2      | HP: 1/54 [poisoned by an adder]
  1595 | D:2      | Slain by a gnoll

Vault maps used:
D:1:      scummos_arrival_simple_fountains
D:2:      fiery_altar_vehumet, minmay_misc_feat_cross

Skill      XL: |  1  2  3  4 |
---------------+-------------+-----
Long Blades    | 2 3 |  3.3
Armour         | 1 |  1.0
Fighting       | |  3.0
Stealth        | |  1.0
Shields        | |  1.0
Spellcasting   | |  1.0
Translocations | |  1.0
Ice Magic      | |  1.6
Evocations     | |  1.0

Action                   |  1- 3 |  4- 6 || total
-------------------------+-------+-------++-------
Melee: Falchion          |   107 |    26 ||   133
Throw: Stone             |       |     9 ||     9
 Cast: Freeze            |     2 |       ||     2
  Use: Scroll            |     4 |       ||     4
       Potion            |       |     3 ||     3
 Stab: Sleeping          |     4 |       ||     4
  Eat: Chunk             |     2 |       ||     2
Armor: Robe              |    10 |       ||    10
       Scale mail        |    11 |    14 ||    25
       Skin              |       |     9 ||     9
Dodge: Dodged            |    63 |    20 ||    83
       Rpst.: Falchion   |    20 |     4 ||    24

Table legend:
 A = Non-vault XP
 B = Vault XP
 C = Vault XP percentage of total XP
 D = Non-vault monster count
 E = Vault monster count
 F = Vault count percentage of total count
                 A         B        C        D         E       F
            +---------+---------+-------+---------+---------+-------
      Total |     131 |       0 |   0.0 |      45 |       0 |   0.0
            +---------+---------+-------+---------+---------+-------
        D:1 |      57 |       0 |   0.0 |      29 |       0 |   0.0
        D:2 |      74 |       0 |   0.0 |      16 |       0 |   0.0
            +---------+---------+-------+---------+---------+-------

Table legend:
 A = Turns spent in this place as a percentage of turns spent in the entire game.
 B = Non-inter-level travel turns spent in this place as a percentage of non-inter-level travel turns spent in the entire game.
 C = Inter-level travel turns spent in this place as a percentage of turns spent in this place.
 D = Turns resting spent in this place as a percentage of non-inter-level travel turns spent in this place.
 E = Turns spent auto-exploring this place as a percentage of non-inter-level travel turns spent in this place.
 F = Non-inter-level travel turns spent in this place divided by the number of levels of this place that you've seen.
                   A       B       C       D       E      F
               +-------+-------+-------+-------+-------+----------------------
         Total | 100.0 | 100.0 |   0.9 |  16.5 |  52.2 | 790.0
       Dungeon | 100.0 | 100.0 |   0.9 |  16.5 |  52.2 | 790.0
               +-------+-------+-------+-------+-------+----------------------

Vault maps used:
D:1:      scummos_arrival_simple_fountains
D:2:      fiery_altar_vehumet, minmay_misc_feat_cross
